[Event "Titled Tuesday Blitz August 23 Early 2022"]
[White "Theodorou, Nikolas"]
[Black "Zhigalko, Sergei"]
[WhiteFideId "4262875"]
[BlackFideId "13502956"]
[WhiteElo "2484"]
[BlackElo "2662"]
[Result "1-0"]
[Round "05"]
[TimeControl "180+1"]
[Date "2022.08.23"]
[WhiteClock "0:00:53"]
[BlackClock "0:00:01"]

1. Nf3 d5 2. g3 c6 3. Bg2 Bg4 4. O-O Nd7 5. h3 Bh5 6. d3 e6 7. e4 Bd6 8. Qe1 Ne7 9. Nh4 O-O 10. f4 dxe4 11. dxe4 f6 12. Nd2 e5 13. f5 Bf7 14. g4 b5 15. Nhf3 a5 16. Kh2 a4 17. a3 g5 18. h4 h6 19. Rh1 Kg7 20. Nf1 Rh8 21. Ng3 Bc5 22. Bf1 Qb6 23. Kg2 Rad8 24. Bd2 Nf8 25. Ba5 Qb8 26. Bxd8 Qxd8 27. Rd1 Qc7 28. hxg5 hxg5 29. Rxh8 Kxh8 30. Qc3 Bb6 31. Qd2 Nc8 32. Nxg5 fxg5 33. Qxg5 Nh7 34. Qh6 Bc5 35. Bxb5 cxb5 36. Rh1 Bg8 37. g5 Bf8 38. Qxf8 Qxc2+ 39. Kf3 Qd3+ 40. Kg4 1-0


[Site "https://www.chess.com"]

[Event "Titled Tuesday Blitz August 23 Early 2022"]
[White "Tsaruk, Maksim"]
[Black "Kotepalli, Sai Nirupama"]
[WhiteFideId "13511173"]
[BlackFideId "5039444"]
[WhiteElo "2178"]
[BlackElo "2469"]
[Result "1-0"]
[Round "05"]
[TimeControl "180+1"]
[Date "2022.08.23"]
[WhiteClock "0:01:20"]
[BlackClock "0:00:27"]

1. e4 c5 2. Nf3 e6 3. c3 Nf6 4. d3 Nc6 5. Be2 d5 6. exd5 exd5 7. O-O Bd6 8. Na3 Be6 9. Nb5 Bb8 10. d4 c4 11. Bg5 h6 12. Bh4 a6 13. Na3 O-O 14. Nc2 Ne7 15. Bxf6 gxf6 16. a4 Ng6 17. g3 Bh3 18. Re1 Qd7 19. Bf1 Bc7 20. Ne3 Be6 21. Nd2 b5 22. Qh5 Kg7 23. Bg2 Ne7 24. b3 Rfd8 25. Bf3 Nf5 26. Nxf5+ Bxf5 27. axb5 axb5 28. Rxa8 Rxa8 29. bxc4 bxc4 30. Nxc4 Rc8 31. Ne3 Be6 32. Bxd5 Bb6 33. Bxe6 fxe6 34. Ng4 Rh8 35. Nxf6 1-0


[Site "https://www.chess.com"]

[Event "Titled Tuesday Blitz August 23 Early 2022"]
[White "Weetik, Vjacheslav"]
[Black "Adla, Diego"]
[WhiteFideId "4153472"]
[BlackFideId "100072"]
[WhiteElo "2469"]
[BlackElo "2377"]
[Result "0-1"]
[Round "05"]
[TimeControl "180+1"]
[Date "2022.08.23"]
[WhiteClock "0:00:02"]
[BlackClock "0:00:04"]

1. d4 Nf6 2. c4 e6 3. g3 c5 4. d5 exd5 5. cxd5 d6 6. Nc3 g6 7. Nf3 Bg7 8. Bg2 O-O 9. O-O Re8 10. Bf4 a6 11. a4 Nh5 12. Bg5 Bf6 13. Bc1 Nd7 14. Nd2 Bg7 15. Nc4 Nb6 16. Na3 Bd7 17. e4 Qc7 18. Re1 Rab8 19. a5 Nc8 20. g4 Nf6 21. h3 Qxa5 22. Bf4 Qc7 23. Nc4 b5 24. Nxd6 Nxd6 25. Rxa6 Rb6 26. Rxb6 Qxb6 27. e5 b4 28. exf6 Bxf6 29. Rxe8+ Bxe8 30. Na4 Bxa4 31. Qxa4 Bxb2 32. Qd7 Kg7 33. Bxd6 Bf6 34. Qc6 Qd8 35. Bxc5 b3 36. Be4 b2 37. Qd6 Qe8 38. Bc2 g5 39. Kg2 h6 40. Qc6 Qe2 41. Bd6 Bd4 42. Qc8 Qxf2+ 0-1


[Site "https://www.chess.com"]

[Event "Titled Tuesday Blitz August 23 Early 2022"]
[White "Acor, Corey"]
[Black "Adewumi, Tanitoluwa"]
[WhiteFideId "2024861"]
[BlackFideId "30966396"]
[WhiteElo "2340"]
[BlackElo "2617"]
[Result "0-1"]
[Round "06"]
[TimeControl "180+1"]
[Date "2022.08.23"]
[WhiteClock "0:00:16"]
[BlackClock "0:00:13"]

1. e4 c5 2. Nc3 e6 3. g3 Nc6 4. Bg2 Nf6 5. d3 d5 6. exd5 exd5 7. Nge2 Be7 8. O-O d4 9. Ne4 O-O 10. Nxf6+ Bxf6 11. Nf4 Re8 12. Bd2 Bf5 13. Re1 Rxe1+ 14. Qxe1 Qd7 15. Nd5 Be5 16. Qe2 Bg4 17. f3 Be6 18. Nf4 Bxf4 19. Bxf4 Re8 20. Re1 f6 21. a3 Kf7 22. Qf2 Bd5 23. Rxe8 Kxe8 24. Bd2 Kf7 25. Qf1 h6 26. Kf2 Ne5 27. Bf4 Qa4 28. Qe2 Ng6 29. Bc1 Qd7 30. b4 cxb4 31. axb4 Qa4 32. Qd2 Ne5 33. Bb2 Qc6 34. Bxd4 Bxf3 35. Bxe5 Bxg2 36. Kg1 Bh3 37. Bd4 Qf3 0-1


[Site "https://www.chess.com"]

[Event "Titled Tuesday Blitz August 23 Early 2022"]
[White "Adla, Diego"]
[Black "Kadric, Denis"]
[WhiteFideId "100072"]
[BlackFideId "14403803"]
[WhiteElo "2377"]
[BlackElo "2657"]
[Result "1-0"]
[Round "06"]
[TimeControl "180+1"]
[Date "2022.08.23"]
[WhiteClock "0:01:51"]
[BlackClock "0:01:59"]

1. Nf3 d6 2. d4 g6 3. b3 Bg7 4. Bb2 c5 5. c4 Nc6 6. e3 Bg4 7. Be2 Nh6 8. O-O O-O 9. Nbd2 cxd4 10. Nxd4 Bxe2 11. Qxe2 Nxd4 12. Bxd4 Bxd4 13. exd4 d5 14. c5 Nf5 15. Nf3 e6 16. b4 Rc8 17. Rfc1 a6 18. a4 Qf6 19. Qd3 h5 20. b5 g5 21. Ne5 Rc7 22. b6 Re7 23. c6 bxc6 24. Nxc6 Rb7 25. Qxa6 1-0


[Site "https://www.chess.com"]

[Event "Titled Tuesday Blitz August 23 Early 2022"]
[White "Aizpurua, Patrick Emilio"]
[Black "Molina, Roberto Junio Brito"]
[WhiteFideId "6600522"]
[BlackFideId "2109450"]
[WhiteElo "2378"]
[BlackElo "2403"]
[Result "0-1"]
[Round "06"]
[TimeControl "180+1"]
[Date "2022.08.23"]
[WhiteClock "0:00:03"]
[BlackClock "0:00:39"]

1. d4 d5 2. Nf3 Nf6 3. c4 c6 4. Nc3 dxc4 5. a4 Bf5 6. e3 e6 7. Bxc4 Bb4 8. O-O O-O 9. Qe2 Nbd7 10. e4 Bg6 11. Bd3 a5 12. e5 Nd5 13. Bxg6 hxg6 14. Nxd5 cxd5 15. Bd2 Bxd2 16. Qxd2 Nb8 17. b4 axb4 18. Qxb4 Ra7 19. Rfc1 Nc6 20. Qb5 Qa5 21. Qd3 Qd8 22. Qb5 Qe7 23. h4 Rfa8 24. g3 Qb4 25. Rab1 Qxb5 26. axb5 Na5 27. b6 Ra6 28. Rc7 f6 29. Rb5 Rf8 30. Kg2 Rf7 31. Rc8+ Rf8 32. Rc7 Rf7 33. Rcc5 Nc4 34. exf6 gxf6 35. Rc8+ Kg7 36. Rc7 Rxb6 37. Rxb6 Nxb6 38. Rc5 Nc4 39. h5 gxh5 40. Ne1 Rd7 41. Nd3 Kf7 42. f4 b6 43. Rc6 Ra7 44. f5 Ne3+ 45. Kh3 Nxf5 46. Rxb6 Nxd4 47. Nf4 Rd7 48. Nxh5 f5 49. Nf4 Kf6 50. Nd3 Nf3 0-1


[Site "https://www.chess.com"]

[Event "Titled Tuesday Blitz August 23 Early 2022"]
[White "Bachmann, Axel"]
[Black "Samadov, Read"]
[WhiteFideId "3700488"]
[BlackFideId "13417444"]
[WhiteElo "2595"]
[BlackElo "2084"]
[Result "1-0"]
[Round "06"]
[TimeControl "180+1"]
[Date "2022.08.23"]
[WhiteClock "0:00:07"]
[BlackClock "0:00:03"]

1. Nf3 Nf6 2. c4 e6 3. b3 d5 4. Bb2 c5 5. e3 Nc6 6. cxd5 exd5 7. Bb5 Bd6 8. O-O O-O 9. d4 cxd4 10. Nxd4 Bd7 11. Nf3 a6 12. Be2 Re8 13. Nc3 Be6 14. Rc1 Rc8 15. h3 Bb8 16. Bd3 h6 17. Ne2 Ne4 18. Nf4 Bxf4 19. exf4 Bf5 20. Bb1 Qd7 21. Nd4 Nxd4 22. Qxd4 Nf6 23. Rxc8 Rxc8 24. Bxf5 Qxf5 25. Qb6 Qxf4 26. Qxb7 Rc2 27. Bxf6 Qxf6 28. a4 Qd6 29. Rd1 Qf4 30. Qxd5 Qxf2+ 31. Kh1 Rb2 32. Qe4 g6 33. Rd3 Rb1+ 34. Kh2 Qg1+ 35. Kg3 Re1 36. Qf4 Rf1 37. Qe3 Qxe3+ 38. Rxe3 Kg7 39. Rc3 g5 40. Rc6 Rb1 41. Rb6 f6 42. a5 Kg6 43. Kf3 h5 44. b4 Kf5 45. Ke3 h4 46. Kd4 Rb2 47. Kc5 Rxg2 48. Rxa6 g4 49. hxg4+ Rxg4 50. Ra8 Rg5 51. Rh8 Kg4+ 52. Kb6 h3 53. a6 Rh5 54. Rxh5 Kxh5 55. a7 1-0


[Site "https://www.chess.com"]

[Event "Titled Tuesday Blitz August 23 Early 2022"]
[White "Beerdsen, Thomas"]
[Black "Subelj, Jan"]
[WhiteFideId "1030108"]
[BlackFideId "14618583"]
[WhiteElo "2567"]
[BlackElo "2331"]
[Result "1-0"]
[Round "06"]
[TimeControl "180+1"]
[Date "2022.08.23"]
[WhiteClock "0:00:31"]
[BlackClock "0:00:09"]

1. e4 c5 2. Nf3 Nc6 3. d4 cxd4 4. Nxd4 Nf6 5. Nc3 h5 6. Nb3 d6 7. Bg5 e6 8. Qd2 Be7 9. O-O-O a6 10. Kb1 b5 11. a3 Bd7 12. f4 Qc7 13. Be2 b4 14. axb4 Nxb4 15. Bf3 Rb8 16. e5 dxe5 17. fxe5 Nfd5 18. Bxd5 exd5 19. Bxe7 Kxe7 20. Qxd5 Nxd5 21. Nxd5+ Kd8 22. Nxc7 Kxc7 23. Nc5 Bc8 24. Rhf1 Rf8 25. Rd6 Rb5 26. Nxa6+ Bxa6 27. Rxa6 Rxe5 28. Ra7+ Kb6 29. Rfxf7 Re1+ 30. Ka2 Rxf7 31. Rxf7 Re2 32. Kb3 Rxg2 33. h4 Kc6 34. c4 Rg4 35. Kb4 Kd6 36. Kb5 Ke6 37. Ra7 g6 38. c5 Rxh4 39. c6 Rh2 40. b4 Rc2 41. Ra8 h4 42. Rh8 Kd6 43. Rh6 h3 44. Rxg6+ Kc7 45. Rg7+ Kd6 46. Rh7 h2 47. Rh8 Kc7 48. Rh6 Kd8 49. Kb6 Ke7 50. b5 Kd8 51. Kb7 Ke7 52. b6 Kd8 53. c7+ Kd7 54. Rxh2 1-0


[Site "https://www.chess.com"]

[Event "Titled Tuesday Blitz August 23 Early 2022"]
[White "Blanco Ronquillo, Humberto L."]
[Black "Jones, Gawain C B"]
[WhiteFideId "3504239"]
[BlackFideId "409561"]
[WhiteElo "2425"]
[BlackElo "2657"]
[Result "0-1"]
[Round "06"]
[TimeControl "180+1"]
[Date "2022.08.23"]
[WhiteClock "0:01:04"]
[BlackClock "0:01:02"]

1. d4 Nf6 2. c4 g6 3. Nc3 Bg7 4. e4 d6 5. Nf3 O-O 6. Be2 Nbd7 7. O-O e5 8. Re1 Re8 9. Bf1 a6 10. h3 exd4 11. Nxd4 Nc5 12. f3 Nh5 13. Be3 Be5 14. Qd2 c6 15. Nde2 Ng3 16. Nxg3 Bxg3 17. Bf2 Qh4 18. Rad1 Nd7 19. Bxg3 Qxg3 20. Ne2 Qe5 21. b3 Re6 22. Nf4 Rf6 23. Nd3 Qd4+ 24. Nf2 Qxd2 25. Rxd2 Kf8 26. Red1 Ke7 27. Ng4 Re6 28. Kf2 a5 29. Ne3 a4 30. Nc2 axb3 31. axb3 Rf6 32. Ne3 Nc5 33. b4 Nxe4+ 0-1


[Site "https://www.chess.com"]

[Event "Titled Tuesday Blitz August 23 Early 2022"]
[White "Bryakin, Mikhail"]
[Black "Malek, Jan"]
[WhiteFideId "4165314"]
[BlackFideId "21864080"]
[WhiteElo "2353"]
[BlackElo "2143"]
[Result "1-0"]
[Round "06"]
[TimeControl "180+1"]
[Date "2022.08.23"]
[WhiteClock "0:01:08"]
[BlackClock "0:00:04"]

1. g3 d5 2. Bg2 Nf6 3. d3 c6 4. Nd2 e5 5. e4 Bd6 6. Ne2 O-O 7. O-O Re8 8. exd5 cxd5 9. c4 Be6 10. Nc3 Bc5 11. a3 Nc6 12. b4 Bd4 13. Bb2 dxc4 14. dxc4 Rc8 15. c5 Nd5 16. Rc1 Nxc3 17. Bxc3 Bd5 18. Ne4 Bxe4 19. Bxe4 Qf6 20. Bxc6 Rxc6 21. Bxd4 exd4 22. Qd3 Rce6 23. Rcd1 Rd8 24. Rfe1 b6 25. Rxe6 Qxe6 26. Rc1 bxc5 27. bxc5 Qc6 28. Rc4 Re8 29. f3 Rd8 30. Kg2 h6 31. Rxd4 Rb8 32. Rd8+ Rxd8 33. Qxd8+ Kh7 34. Qd3+ g6 35. Qc2 Kg7 36. a4 Kf6 37. a5 Ke5 38. Qc4 Qd5 39. Qe2+ Kd4 40. Qe7 Kc4 41. c6 Qxc6 42. Qxa7 Kb5 43. Qxf7 Kxa5 44. Qb3 Qf6 45. h4 g5 46. h5 g4 47. Qd5+ Kb4 48. Qe4+ Kc5 49. Qxg4 Qf8 50. Qe4 Kb6 51. g4 Kc7 52. Qd5 Qf4 53. Qe4 Qd2+ 54. Kg3 Kd6 55. Qf4+ 1-0


[Site "https://www.chess.com"]

[Event "Titled Tuesday Blitz August 23 Early 2022"]
[White "Buscar, Michael"]
[Black "Ceres, Dragos"]
[WhiteFideId "2603616"]
[BlackFideId "13905864"]
[WhiteElo "2010"]
[BlackElo "2150"]
[Result "0-1"]
[Round "06"]
[TimeControl "180+1"]
[Date "2022.08.23"]
[WhiteClock "0:00:08"]
[BlackClock "0:02:02"]

1. Nf3 d5 2. g3 c6 3. d3 Bg4 4. Bg2 e6 5. O-O Bd6 6. e4 Ne7 7. Nbd2 Nd7 8. Qe1 O-O 9. e5 Bc7 10. h3 Bh5 11. d4 c5 12. c3 Nc6 13. dxc5 Nxc5 14. Nb3 Nd3 15. Qe3 Ndxe5 16. Nxe5 Nxe5 17. Nc5 Nc4 18. Qe1 b6 19. Nd3 Bg6 20. Nf4 Bxf4 21. gxf4 Bd3 22. Kh2 Bxf1 23. Bxf1 Nd6 24. Bd3 Qf6 25. Be3 Nf5 26. Bd2 g6 27. Qe2 Rac8 28. Rg1 Rfd8 29. Qf3 Ng7 30. Rg5 Nf5 31. Rg4 Ng7 32. Rg5 h6 33. Rg4 e5 34. Qg2 e4 35. Ba6 Nf5 36. Bxc8 Rxc8 37. Be3 Kh7 38. Qf1 Rc4 39. Rg2 Nh4 40. Rg3 Nf3+ 41. Kg2 Qf5 42. Qd1 Qh5 43. f5 Nh4+ 44. Kh1 Qxd1+ 0-1


[Site "https://www.chess.com"]

[Event "Titled Tuesday Blitz August 23 Early 2022"]
[White "Chigaev, Maksim"]
[Black "Piesik, Piotr"]
[WhiteFideId "4108116"]
[BlackFideId "1136194"]
[WhiteElo "2487"]
[BlackElo "2221"]
[Result "1-0"]
[Round "06"]
[TimeControl "180+1"]
[Date "2022.08.23"]
[WhiteClock "0:00:33"]
[BlackClock "0:00:06"]

1. e4 g6 2. d4 Bg7 3. Nc3 c6 4. h3 d6 5. Nf3 Nf6 6. Be2 O-O 7. O-O Nbd7 8. Re1 e5 9. a4 Qc7 10. Bg5 h6 11. Be3 Re8 12. Qd2 Kh7 13. Bf1 b6 14. Rad1 Bb7 15. dxe5 dxe5 16. Bc4 Nf8 17. Qd6 Qxd6 18. Rxd6 Re7 19. Red1 Ne8 20. Rd8 Rxd8 21. Rxd8 Ne6 22. Bxe6 Rxe6 23. Rd7 Nd6 24. a5 c5 25. Nd2 h5 26. axb6 axb6 27. Nb5 Bc6 28. Rxd6 Bxb5 29. Rxe6 fxe6 30. h4 Bf6 31. Bg5 Kg7 32. g3 Be2 33. f3 Kf7 34. Kf2 Ba6 35. Bxf6 Kxf6 36. f4 exf4 37. gxf4 e5 38. Ke3 Bb5 39. Nf3 exf4+ 40. Kxf4 Be8 41. c3 Ke6 42. Ng5+ Kf6 43. Nf3 Bc6 44. Ne5 Bb5 45. b3 Kg7 46. Kg5 Be8 47. Nc4 b5 48. Nd6 Bc6 49. b4 cxb4 50. cxb4 Bd7 51. e5 Bc6 52. e6 Kf8 53. Kf6 1-0


[Site "https://www.chess.com"]

[Event "Titled Tuesday Blitz August 23 Early 2022"]
[White "Dimitrov, Atanas"]
[Black "Maksimovic, Bojan"]
[WhiteFideId "2901315"]
[BlackFideId "14408120"]
[WhiteElo "2636"]
[BlackElo "2447"]
[Result "0-1"]
[Round "06"]
[TimeControl "180+1"]
[Date "2022.08.23"]
[WhiteClock "0:00:03"]
[BlackClock "0:00:04"]

1. Nf3 Nf6 2. g3 g6 3. Bg2 Bg7 4. O-O O-O 5. c4 d6 6. Nc3 Nc6 7. d4 Bg4 8. h3 Bxf3 9. Bxf3 Nd7 10. Be3 e5 11. dxe5 Ncxe5 12. Bxb7 Rb8 13. Bd5 c6 14. Bg2 Nxc4 15. Bxa7 Rxb2 16. Ne4 d5 17. Nc5 Rd2 18. Qa4 Qc7 19. Rab1 Ra8 20. Na6 Qxa7 21. Qxc6 Nde5 22. Qb5 Qxa6 23. Qb4 Qxa2 24. Qc3 Rxe2 25. Ra1 Rxf2 26. Rxa2 Rfxa2 27. Bxd5 Rc8 28. Qb3 Ra7 29. Kh2 Rac7 30. h4 h5 31. Bg2 Nd2 32. Qd1 Nxf1+ 33. Qxf1 Ng4+ 34. Kh3 Rc1 35. Qf4 R1c4 36. Qf1 Rc2 37. Bd5 Rh2# 0-1


[Site "https://www.chess.com"]

[Event "Titled Tuesday Blitz August 23 Early 2022"]
[White "Dounis, Alexandros"]
[Black "Pakleza, Zbigniew"]
[WhiteFideId "4213238"]
[BlackFideId "1119290"]
[WhiteElo "2204"]
[BlackElo "2411"]
[Result "1-0"]
[Round "06"]
[TimeControl "180+1"]
[Date "2022.08.23"]
[WhiteClock "0:02:00"]
[BlackClock "0:00:20"]

1. Nf3 d5 2. g3 Nf6 3. Bg2 Bf5 4. O-O e6 5. d3 h6 6. c4 c6 7. cxd5 cxd5 8. Nc3 Nc6 9. Qa4 Qd7 10. e4 Bh7 11. exd5 exd5 12. Re1+ Be7 13. b4 Kd8 14. b5 Nb8 15. Ne5 Qe6 16. Nc6+ bxc6 17. Rxe6 fxe6 18. bxc6 Ne8 19. Bf4 Bd6 20. Re1 Bxf4 21. Qxf4 Nc7 22. Qd6+ Kc8 23. Rxe6 Rd8 24. Qe5 Bg8 25. Rd6 1-0


[Site "https://www.chess.com"]

[Event "Titled Tuesday Blitz August 23 Early 2022"]
[White "Ezat, Mohamed"]
[Black "Fier, Alexandr"]
[WhiteFideId "10600906"]
[BlackFideId "2107139"]
[WhiteElo "2386"]
[BlackElo "2598"]
[Result "0-1"]
[Round "06"]
[TimeControl "180+1"]
[Date "2022.08.23"]
[WhiteClock "0:00:08"]
[BlackClock "0:01:07"]

1. d4 Nf6 2. c4 c5 3. d5 g6 4. Nc3 Bg7 5. e4 d6 6. Be2 O-O 7. Bg5 e6 8. Qd2 exd5 9. exd5 Qb6 10. Nf3 Bf5 11. O-O Ne4 12. Nxe4 Bxe4 13. b3 Nd7 14. Rae1 Rae8 15. Bd1 Bxf3 16. Bxf3 Ne5 17. Be2 a6 18. f4 Nd7 19. Bd3 Nf6 20. f5 Rxe1 21. Qxe1 Re8 22. Qh4 Nd7 23. f6 Bh8 24. Bd2 Qd8 25. Bg5 Qa5 26. Bb1 Qc3 27. h3 b5 28. cxb5 axb5 29. a4 Qxb3 30. axb5 Qxb5 31. Re1 Ne5 32. Bf4 Qb4 33. Qg3 Qxe1+ 34. Qxe1 Nf3+ 35. Kf2 Nxe1 0-1


[Site "https://www.chess.com"]

[Event "Titled Tuesday Blitz August 23 Early 2022"]
[White "Gan-Od, Sereenen"]
[Black "Bilan, Danila"]
[WhiteFideId "4901304"]
[BlackFideId "24161918"]
[WhiteElo "2316"]
[BlackElo "2164"]
[Result "1-0"]
[Round "06"]
[TimeControl "180+1"]
[Date "2022.08.23"]
[WhiteClock "0:00:33"]
[BlackClock "0:00:03"]

1. c4 c6 2. Nf3 d5 3. g3 Nf6 4. Bg2 Bf5 5. O-O e6 6. cxd5 exd5 7. d3 Be7 8. Nc3 O-O 9. e4 dxe4 10. dxe4 Nxe4 11. Nd4 Nxc3 12. bxc3 Bg6 13. f4 h6 14. f5 Bh7 15. Qg4 Kh8 16. Rb1 Qc8 17. Qh5 Bf6 18. Ba3 Rd8 19. Qxf7 Bg8 20. Qg6 Bxa2 21. Rbe1 Bg8 22. Ne6 Rd2 23. Bc1 Ra2 24. Bxh6 Qd7 25. Qh5 Bh7 26. Bg5 Na6 27. Bxf6 gxf6 28. Nf4 Rg8 29. Ng6+ Rxg6 30. fxg6 Rxg2+ 31. Kxg2 Qd5+ 32. Qxd5 1-0


[Site "https://www.chess.com"]

[Event "Titled Tuesday Blitz August 23 Early 2022"]
[White "Gholami Orimi, Mahdi"]
[Black "Levitskiy, Andrey"]
[WhiteFideId "12558486"]
[BlackFideId "14132885"]
[WhiteElo "2354"]
[BlackElo "2293"]
[Result "1-0"]
[Round "06"]
[TimeControl "180+1"]
[Date "2022.08.23"]
[WhiteClock "0:01:15"]
[BlackClock "0:00:02"]

1. d4 Nf6 2. c4 e6 3. g3 Bb4+ 4. Bd2 Qe7 5. Bg2 Nc6 6. e3 Bxd2+ 7. Qxd2 e5 8. Ne2 O-O 9. Nbc3 d6 10. O-O Bg4 11. Nd5 Nxd5 12. cxd5 Bxe2 13. Qxe2 Nb8 14. dxe5 Qxe5 15. Rac1 Na6 16. Rc4 Rfe8 17. Rfc1 Re7 18. b4 Rae8 19. Re4 Qf6 20. Rf4 Qe5 21. Qd2 g6 22. Bf1 Nb8 23. Rfc4 c6 24. Bg2 cxd5 25. Bxd5 h5 26. Rc7 Na6 27. Rxb7 Rxb7 28. Bxb7 1-0


[Site "https://www.chess.com"]

[Event "Titled Tuesday Blitz August 23 Early 2022"]
[White "Grandelius, Nils"]
[Black "Vakhlamov, Igor L."]
[WhiteFideId "1710400"]
[BlackFideId "24126748"]
[WhiteElo "2617"]
[BlackElo "2401"]
[Result "0-1"]
[Round "06"]
[TimeControl "180+1"]
[Date "2022.08.23"]
[WhiteClock "0:00:05"]
[BlackClock "0:00:13"]

1. Nf3 Nf6 2. c4 c5 3. e3 e6 4. d4 d5 5. a3 Nc6 6. dxc5 Bxc5 7. b4 Bd6 8. Bb2 O-O 9. Nbd2 Qe7 10. Be2 Rd8 11. Qb3 b6 12. O-O Bb7 13. cxd5 Nxd5 14. Nc4 Bc7 15. Rfd1 Rac8 16. b5 Na5 17. Nxa5 bxa5 18. Rac1 Bb6 19. Rxc8 Rxc8 20. Nd4 h6 21. Bf3 Rc7 22. h3 Qg5 23. Qd3 Qe7 24. Qe2 Qg5 25. g3 Qe7 26. h4 a4 27. Rd3 Qe8 28. Qd1 Bxd4 29. Bxd4 Qxb5 30. Kh2 Ba6 31. Rd2 f5 32. Bxd5 exd5 33. Qf3 Rf7 34. Qf4 Qf1 35. Be5 Bd3 36. f3 Bc4 37. Bc3 Qc1 38. Qd4 Qxa3 39. Qe5 Qe7 40. Qd4 a3 41. Rd1 a2 42. Ba1 Qb7 43. Kg2 Qb6 44. Qc3 Re7 45. Re1 a5 46. Kf2 Qb4 47. Qd4 a4 48. Rd1 Qb3 49. h5 Qc2+ 50. Rd2 Qb1 51. Rb2 Qf1# 0-1


[Site "https://www.chess.com"]

[Event "Titled Tuesday Blitz August 23 Early 2022"]
[White "Hambleton, Aman"]
[Black "Lewtak, Damian"]
[WhiteFideId "2606577"]
[BlackFideId "1141724"]
[WhiteElo "2538"]
[BlackElo "2329"]
[Result "0-1"]
[Round "06"]
[TimeControl "180+1"]
[Date "2022.08.23"]
[WhiteClock "0:00:02"]
[BlackClock "0:00:42"]

1. d4 a6 2. e4 e6 3. Bd3 d5 4. e5 c5 5. c3 Nc6 6. Nf3 Nge7 7. O-O Ng6 8. Re1 Be7 9. a3 b5 10. Be3 Rb8 11. Bxg6 hxg6 12. dxc5 Na5 13. b4 Nc4 14. Nbd2 Qc7 15. Bd4 Bb7 16. Nf1 Bc6 17. h3 Kd7 18. Qe2 Rh7 19. N1h2 Rbh8 20. Ng4 Qd8 21. Qc2 Bg5 22. a4 bxa4 23. Rxa4 Bb5 24. Nxg5 Qxg5 25. f3 Qf4 26. Rxa6 Bxa6 27. Qa4+ Kd8 28. Qxa6 Rxh3 29. Qa8+ Ke7 30. Qb7+ Ke8 31. Qc8+ Ke7 32. Qc7+ Ke8 33. c6 Qg5 34. Qd7+ Kf8 35. c7 Rh1+ 36. Kf2 Qh4+ 37. g3 Rh2+ 38. Nxh2 Qxh2+ 39. Kf1 Nd2# 0-1


[Site "https://www.chess.com"]

[Event "Titled Tuesday Blitz August 23 Early 2022"]
[White "Kamsky, Gata"]
[Black "Mitrabha, Guha"]
[WhiteFideId "2000024"]
[BlackFideId "5057000"]
[WhiteElo "2666"]
[BlackElo "2499"]
[Result "0-1"]
[Round "06"]
[TimeControl "180+1"]
[Date "2022.08.23"]
[WhiteClock "0:00:01"]
[BlackClock "0:00:14"]

1. d4 Nf6 2. Bf4 b6 3. e3 Bb7 4. Nf3 g6 5. h3 Bg7 6. a4 a6 7. Nbd2 O-O 8. c3 d6 9. Bc4 Nbd7 10. O-O c5 11. Bh2 Qc7 12. Re1 Ne4 13. Nxe4 Bxe4 14. Nd2 Bb7 15. Qe2 Rfc8 16. Bd3 Re8 17. b4 Nf6 18. a5 cxb4 19. axb6 Qxb6 20. Nc4 Qc6 21. e4 bxc3 22. Na5 Qd7 23. Rec1 Rec8 24. Ra3 Rc7 25. Raxc3 Rxc3 26. Rxc3 Rc8 27. Rxc8+ Qxc8 28. Bf4 Qa8 29. d5 Nd7 30. Be3 Ne5 31. g3 Bc8 32. Kg2 Qb8 33. Bd4 Qb4 34. Bxe5 Qxa5 35. Bxg7 Kxg7 36. Qb2+ f6 37. Qb8 Qc5 38. Qa8 a5 39. Be2 Qc7 40. Bb5 f5 41. exf5 Bxf5 42. Bc6 Be4+ 43. f3 Bf5 44. g4 Bc8 45. h4 h6 46. Kg3 e5 47. dxe6 Bxe6 48. Bd5 Bc8 0-1


[Site "https://www.chess.com"]

[Event "Titled Tuesday Blitz August 23 Early 2022"]
[White "Korchmar, Vasiliy"]
[Black "Zou, Chen"]
[WhiteFideId "24131750"]
[BlackFideId "8610959"]
[WhiteElo "2370"]
[BlackElo "2276"]
[Result "1-0"]
[Round "06"]
[TimeControl "180+1"]
[Date "2022.08.23"]
[WhiteClock "0:00:10"]
[BlackClock "0:00:17"]

1. e4 c5 2. Nf3 d6 3. d4 cxd4 4. Nxd4 Nf6 5. Nc3 Nc6 6. Bb5 Bd7 7. Bg5 e6 8. Qd3 Be7 9. O-O-O O-O 10. Bxc6 bxc6 11. Nb3 d5 12. e5 Ne8 13. Bxe7 Qxe7 14. Qd4 Nc7 15. Nc5 Bc8 16. Rhe1 Rb8 17. N3a4 a5 18. a3 Nb5 19. Qg4 Rd8 20. Rd3 d4 21. Rg3 g6 22. h4 Rd5 23. Nd3 Nxa3 24. h5 Nc4 25. hxg6 fxg6 26. Rh1 Nxe5 27. Nxe5 Rxe5 28. Qxd4 Qf6 29. Qd6 Rb7 30. Nc5 Rf7 31. Rf3 Qg5+ 32. Kb1 Rxf3 33. gxf3 Rxc5 34. Qc7 h5 35. Qxc8+ Kg7 36. Qxe6 Re5 37. Qxc6 Qe7 38. Rg1 Re1+ 39. Rxe1 Qxe1+ 40. Ka2 Qe7 41. c4 h4 42. f4 h3 43. f5 gxf5 44. c5 Qf7+ 45. Ka3 Qh5 46. Qc7+ Kf6 47. Qd6+ Kg5 48. Qg3+ Kf6 49. Qd6+ Kf7 50. Qd7+ Kf8 51. Qd8+ Kg7 52. Qc7+ Kh6 53. Qd6+ Qg6 54. Qh2 Qg4 55. c6 Qb4+ 56. Ka2 Qa4+ 57. Kb1 Qd1+ 58. Ka2 Qd5+ 59. Ka1 Qg2 60. Qd6+ Kh5 61. c7 Qf1+ 62. Ka2 Qc4+ 63. Ka1 Qf1+ 64. Ka2 Qc4+ 65. b3 Qc2+ 66. Ka3 Qc1+ 67. Ka4 h2 68. Qxh2+ Kg4 69. Qg3+ Kh5 70. Qh3+ Kg5 71. Qg2+ Kf6 72. Qb7 Qa1+ 73. Kb5 Qe5+ 74. Kb6 Qd4+ 75. Ka6 Qd3+ 76. Ka7 Qd4+ 77. Qb6+ Ke5 78. Qxd4+ Kxd4 79. c8=Q Kd3 80. Qc4+ Kd2 81. Kb6 Ke1 82. f4 Kf2 83. Kxa5 Kg1 84. b4 Kg2 85. b5 Kh1 86. b6 Kg2 87. b7 Kh1 88. b8=Q Kh2 89. Qc3 Kg1 90. Qbb2 Kh1 91. Qcc1# 1-0


[Site "https://www.chess.com"]

[Event "Titled Tuesday Blitz August 23 Early 2022"]
[White "Ladopoulos, Dimitrios"]
[Black "Alekseenko, Kirill"]
[WhiteFideId "4239580"]
[BlackFideId "4135539"]
[WhiteElo "2195"]
[BlackElo "2682"]
[Result "1-0"]
[Round "06"]
[TimeControl "180+1"]
[Date "2022.08.23"]
[WhiteClock "0:00:41"]
[BlackClock "0:00:25"]

1. d4 d5 2. c4 dxc4 3. e4 Nf6 4. Nc3 e5 5. d5 c6 6. Bxc4 b5 7. Bb3 b4 8. Na4 cxd5 9. Nf3 Bb7 10. O-O Bd6 11. exd5 O-O 12. Nd2 Nbd7 13. Nc4 Qe7 14. Na5 Ba6 15. Re1 Bc7 16. Nc6 Qd6 17. Be3 Rfe8 18. Rc1 h5 19. Nxa7 Bb7 20. Nb5 Qe7 21. Nxc7 Ng4 22. Nxa8 Rxa8 23. h3 Nxe3 24. Rxe3 Qd6 25. Qxh5 Ra5 26. Rc6 1-0


[Site "https://www.chess.com"]

[Event "Titled Tuesday Blitz August 23 Early 2022"]
[White "Le, Tuan Minh"]
[Black "Nakamura, Hikaru"]
[WhiteFideId "12401153"]
[BlackFideId "2016192"]
[WhiteElo "2530"]
[BlackElo "2850"]
[Result "1-0"]
[Round "06"]
[TimeControl "180+1"]
[Date "2022.08.23"]
[WhiteClock "0:00:20"]
[BlackClock "0:00:02"]

1. d4 Nf6 2. Nf3 d5 3. Bf4 Bf5 4. e3 e6 5. c4 c6 6. Nc3 Bd6 7. Bg3 Bxg3 8. hxg3 Nbd7 9. Bd3 Bxd3 10. Qxd3 dxc4 11. Qxc4 Rc8 12. O-O O-O 13. Rfd1 b5 14. Qd3 Qe7 15. Rac1 Rfd8 16. Ne4 a6 17. Nxf6+ gxf6 18. Qe4 c5 19. Qg4+ Kh8 20. dxc5 Nxc5 21. Qh4 Rxd1+ 22. Rxd1 Nd7 23. Qd4 Nf8 24. g4 Kg8 25. Qb6 Qe8 26. g5 fxg5 27. Nxg5 Qc6 28. Qd4 Ng6 29. Qf6 Qe8 30. b4 h6 31. Ne4 Qe7 32. Qd4 e5 33. Qd6 Qxd6 34. Rxd6 Rc4 35. Nf6+ Kg7 36. Nh5+ Kf8 37. a3 Rc1+ 38. Kh2 Rc2 39. Kg3 e4 40. Rxa6 Ne5 41. Nf6 Rc4 42. Rb6 Kg7 43. Nh5+ Kh7 44. Rxb5 Nd3 45. Rb7 Kg8 46. b5 Rc2 47. Nf6+ Kg7 48. Nxe4 h5 49. b6 Rb2 50. a4 h4+ 51. Kxh4 Rb4 52. f3 Rxa4 53. Kg3 Rb4 54. Nd6 Ne5 55. f4 Nc6 56. Rxf7+ Kg6 57. b7 Nd8 58. Rd7 Ne6 59. f5+ 1-0


[Site "https://www.chess.com"]